 Dungeon Crawl Stone Soup version 0.22-a0-799-g88f5e90 (webtiles) character file.

39 iamserjio the Conjurer (level 3, -1/19 HPs)
             Began as a Tengu Fire Elementalist on July 21, 2018.
             Slain by a kobold
             ... wielding a +0 short sword
              (5 damage)
             ... on level 2 of the Dungeon.
             The game lasted 00:03:26 (460 turns).

iamserjio the Conjurer (Tengu Fire Elementalist)     Turns: 460, Time: 00:03:27

Health: -1/19      AC:  2    Str:  8    XL:     3   Next: 47%
Magic:  5/7        EV: 12    Int: 16    God:
Gold:   66         SH:  0    Dex: 14    Spells: 2/6 levels left

rFire    . . .     SeeInvis .   b - +2 hand axe (chop)
rCold    . . .     Gourm    .   (no shield)
rNeg     . . .     Faith    .   a - +0 robe
rPois    .         Spirit   .   (helmet restricted)
rElec    .         Reflect  .   (no cloak)
rCorr    .         Harm     .   (no gloves)
MR       .....                  (boots unavailable)
Stlth    ++........             (no amulet)
HPRegen  0.06/turn              (no ring)
MPRegen  0.10/turn              (no ring)

@: no status effects
A: beak, talons 3
a: no special abilities


You were on level 2 of the Dungeon.
You were not hungry.

You visited 1 branch of the dungeon, and saw 3 of its levels.

You collected 66 gold pieces.

Inventory:

Hand Weapons
 b - a +2 hand axe of chopping (weapon)
Armour
 a - a +0 robe (worn)
 g - a +0 leather armour
Jewellery
 f - an uncursed ring of ice
Wands
 j - a wand of paralysis (10)
Scrolls
 d - a scroll of remove curse {unknown}
 h - a scroll of identify {unknown}
 i - 2 scrolls of magic mapping {unknown}
Potions
 e - a potion of mutation {unknown}
Comestibles
 c - 2 rations


   Skills:
 - Level 2.1 Dodging
 - Level 2.0 Stealth
 * Level 2.2 Spellcasting
 + Level 3.9 Conjurations
 + Level 3.4 Fire Magic


You had 2 spell levels left.
You knew the following spells:

 Your Spells              Type           Power        Failure   Level  Hunger
a - Flame Tongue          Conj/Fire      ##...        4%          1    #......
b - Conjure Flame         Conj/Fire      ##......     13%         3    ###....

Your spell library contained the following spells:

 Spells                   Type           Power        Failure   Level  Hunger
 Fireball                 Conj/Fire      ##........   77%         5    ######.
 Throw Flame              Conj/Fire      ##....       7%          2    ###....
 Sticky Flame             Conj/Fire      ##......     41%         4    #####..
 Inner Flame              Hex/Fire       #.......     30%         3    ###....


Dungeon Overview and Level Annotations

Branches:
Dungeon (3/15)

Altars:
Ashenzari
Fedhas
Makhleb
Okawaru
Trog
Yredelemnul

Annotations:
D:2 Natasha


Innate Abilities, Weirdness & Mutations

You have a beak for a mouth.
You have claws for feet.


Message History

Press: ? - help, Shift-Dir - straight line, f - kobold
Aim: a kobold, wielding a short sword (hasn't noticed you)
The flame tongue hits the kobold.
The kobold appears unharmed.
Casting: Flame Tongue (safe; 4% risk of failure)
Confirm with . or Enter, or press ? or * to list all spells.
Aiming: Flame Tongue (safe; 4% risk of failure)
Press: ? - help, Shift-Dir - straight line, f/p - kobold
Aim: a kobold, wielding a short sword The flame tongue misses the kobold.
The kobold hits you but does no damage.
You hit the kobold but do no damage. You claw the kobold, but do no damage.
The kobold hits you with a short sword.
You hit the kobold. Your kick misses the kobold.
The kobold is severely wounded.
The kobold hits you with a short sword.
You miss the kobold. Your kick misses the kobold.
The kobold is severely wounded.
The kobold hits you with a short sword.
* * * LOW HITPOINT WARNING * * *
The kobold hits you with a short sword.
You die...

#h#.....#.#########
#. ##.###.## ## # #
#. ### ### # #. . #
#). . ...#. ####.# #.
#....#######.##.# #.
..#.......#...#.#####
#.
......K...).........#
#. .......@........#
.# ####.##.#.##.##.#
.# #.#.#####.###.###.
#.#.# ##.........
#.#.# #..###.####
#.#.# #.## .#
#.#.####.####.####
#...........>.....
.........####....#


You could see a kobold.

Vanquished Creatures
  An adder (D:3)
  A worm (D:3)
  4 leopard geckos
  3 goblins (D:1)
  4 hobgoblins
  2 kobolds
  2 quokkas
  2 bats
  2 frilled lizards
  2 rats
23 creatures vanquished.

Notes
Turn   | Place    | Note
-------+----------+-------------------------------------------
     0 | D:1      | iamserjio the Tengu Fire Elementalist began the quest for the Orb.
     0 | D:1      | Reached XP level 1. HP: 10/10 MP: 4/4
   115 | D:2      | Reached XP level 2. HP: 11/15 MP: 6/6
   252 | D:2      | Found a blossoming altar of Fedhas.
   257 | D:2      | Found a shattered altar of Ashenzari.
   258 | D:2      | Found an iron altar of Okawaru.
   265 | D:2      | Found a burning altar of Makhleb.
   266 | D:2      | Found a bloodstained altar of Trog.
   298 | D:2      | Noticed Natasha
   384 | D:3      | Reached XP level 3. HP: 14/19 MP: 7/7
   389 | D:3      | Learned a level 3 spell: Conjure Flame
   431 | D:2      | Found a basalt altar of Yredelemnul.
   460 | D:2      | Slain by a kobold

Vault maps used:
D:1:      lightli_arrival_statuegarden
D:2:      overflow_temple_1_default, minitemple, uniq_natasha
D:3:      marbit_many_paths

Skill      XL: |  1  2 |
---------------+-------+-----
Conjurations   | 2 3 |  3.9
Dodging        | |  2.1
Stealth        | |  2.0
Spellcasting   | |  2.2
Fire Magic     | |  3.4

Action                   || total
-------------------------++-------
Melee: Hand axe          ||    30
       Kick              ||     4
       Peck              ||     3
       Unarmed           ||     1
 Cast: Flame Tongue      ||    21
Evoke: Wand              ||     2
 Stab: Sleeping          ||     4
       Paralysed         ||     3
Armor: Robe              ||     5
Dodge: Dodged            ||    16

Table legend:
 A = Spawn XP
 B = Non-spawn XP
 C = Spawn XP percentage of total XP
 D = Spawn monster count
 E = Non-spawn monster count
 F = Spawn count percentage of total count
 G = Total turns spent on level
                    A         B        C        D         E        F      G
               +---------+---------+-------+---------+---------+-------+---------
         Total |       0 |      57 |   0.0 |       0 |      23 |   0.0 |   460
               +---------+---------+-------+---------+---------+-------+---------
           D:1 |       0 |      18 |   0.0 |       0 |      10 |   0.0 |   168
           D:2 |       0 |      15 |   0.0 |       0 |       8 |   0.0 |   233
           D:3 |       0 |      24 |   0.0 |       0 |       5 |   0.0 |    59
               +---------+---------+-------+---------+---------+-------+---------
